cohdb
Replays
Latest Replays
All Replays
Popular Replays
Top Player Replays
Match Explorer
How It Works
Community
CoH3 Stats
Reddit
Sign in to upload your games and track your stats! →
Sign in with Steam
Match 31008953
Unlisted
Match 31008953
Overview
Messages
Build Orders
End
Construct Infanterie Kompanie
MG 42 Machine Gun Team
Selects Italian Coastal Battlegroup
Selects Coastal Reserves
Coastal Reserve
Grenadier Squad
Coastal Reserve
Construct Panzergrenadier Kompanie
Selects Artillery Officer
Selects Artillery Officer
Panzergrenadier Squad
Artillery Officer
251 Medium Carrier
Selects Support Bunkers
Pak 40 Anti-tank Gun Team
MG 42 Machine Gun Team
Selects Designated Artillery Overwatch
Designated Artillery Overwatch
Panzergrenadier Squad
Construct Panzer Kompanie
Selects Obice da 210/22 Artillery Emplacement
Panzer IV Medium Tank
Selects Bulwark
MG 42 Bunker
Pioneer Squad
Panzer IV Medium Tank
Side Skirts
darkkillerman
Herogus3xD
Bananenratte
Spriggan
Jakob
BooralKing
0
0
Comments
sign in to comment!
No comments posted yet!